 Dungeon Crawl Stone Soup version 0.29-a0-474-gdfe5cd140f (webtiles) character file.

Game seed: 17655626702628511140

2335 Bruhh the Zephyrmancer (level 9, -1/111 HPs)
             Began as an Ogre Air Elementalist on May 24, 2022.
             Was an Initiate of Hepliaklqana.
             Succumbed to a hornet's poison
             ... on level 7 of the Dungeon.
             The game lasted 00:10:17 (7556 turns).

Bruhh the Zephyrmancer (Ogre Air Elementalist)      Turns: 7556, Time: 00:10:17

Health: -1/111     AC: 24    Str: 14      XL:     9   Next: 42%
Magic:  1/16       EV:  1    Int: 17 (20) God:    Hepliaklqana [......]
Gold:   320        SH:  0    Dex: 13 (15) Spells: 11/18 levels left

rFire   . . .      SeeInvis .   e - staff of air
rCold   . . .      Faith    .   (no shield)
rNeg    . . .      Spirit   .   (body armour currently unavailable)
rPois   +          Reflect  .   (helmet currently unavailable)
rElec   +          Harm     .   (cloak currently unavailable)
rCorr   .          Rampage  .   (gloves unavailable)
Will    .....      NoTele   +   (boots unavailable)
Stlth   ++........              (no amulet)
HPRegen 0.28/turn               n - +6 ring of dexterity
MPRegen 0.15/turn               i - +4 ring of evasion

@: mighty, lethally poisoned (-1 -> -18), tree-form, slowed, very slow
A: stationary, stasis, torment immunity, boosted hp, large, unfitting armour,
(tough skin 1)
a: Renounce Religion


You were on level 7 of the Dungeon.
You worshipped Hepliaklqana.
Hepliaklqana was noncommittal.
You were a tree.
You visited 2 branches of the dungeon, and saw 8 of its levels.

You collected 320 gold pieces.

Inventory:

Armour
 a - a +0 robe (melded)
Magical Staves
 e - a staff of air (weapon)
Jewellery
 d - a ring of willpower
 i - a +4 ring of evasion (right branch)
 m - a ring of poison resistance
 n - a +6 ring of dexterity (left branch)
 p - a ring of protection from fire
 s - a ring of resist corrosion
 w - an amulet of regeneration
 C - an amulet of the acrobat
Wands
 b - a wand of paralysis (6)
 t - a wand of charming (15)
 z - a wand of mindburst (13)
Scrolls
 c - 6 scrolls of identify {unknown}
 f - 2 scrolls of amnesia {unknown}
 g - a scroll of magic mapping {unknown}
 h - 3 scrolls of enchant armour {unknown}
 j - 5 scrolls of teleportation {unknown}
 o - 3 scrolls of vulnerability {unknown}
 q - 2 scrolls of blinking {unknown}
 u - a scroll of poison {unknown}
 v - a scroll of torment {unknown}
 y - a scroll of noise {unknown}
 B - a scroll of enchant weapon {unknown}
Potions
 k - 3 potions of brilliance
 r - a potion of haste
 A - a potion of heal wounds {unknown}


   Skills:
 - Level 1.7 Dodging
 - Level 1.4 Stealth
 - Level 5.0 Spellcasting
 + Level 7.6 Conjurations
 - Level 8.0 Air Magic


You had 11 spell levels left.
You knew the following spells:

 Your Spells              Type           Power      Damage    Failure   Level
a - Shock                 Conj/Air       100%       1d9       1%          1
b - Static Discharge      Conj/Air       46%        N/A       1%          2
c - Airstrike             Air            23%        N/A       5%          4

Your spell library contained the following spells:

 Spells                   Type           Power      Damage    Failure   Level
 Magic Dart               Conj           100%       1d8       1%          1
 Searing Ray              Conj           60%        2d6       1%          2
 Swiftness                Air            47%        N/A       1%          3
 Conjure Flame            Conj/Fire      17%        6-21      9%          3
 Summon Small Mammal      Summ           16%        N/A       14%         1
 Blink                    Tloc           8%         N/A       22%         2
 Fulminant Prism          Conj/Hex       8%         3d7       28%         4
 Sticky Flame             Conj/Fire      17%        2d4       28%         4
 Call Canine Familiar     Summ           4%         N/A       38%         3
 Ignite Poison            Fire/Tmut/Pois 4%         N/A       38%         3
 Lesser Beckoning         Tloc           4%         N/A       38%         3
 Summon Guardian Golem    Hex/Summ       4%         N/A       38%         3
 Manifold Assault         Tloc           4%         N/A       98%         5
 Summon Forest            Summ/Tloc      2%         N/A       98%         5
 Summon Mana Viper        Hex/Summ       4%         N/A       98%         5
 Summon Cactus Giant      Summ           2%         N/A       100%        6


Dungeon Overview and Level Annotations

Branches:
Dungeon (7/15)             Temple (1/1) D:6

Altars:
Ashenzari
Cheibriados
Dithmenos
Elyvilon
Fedhas
Gozag
Hepliaklqana
Kikubaaqudgha
Makhleb
Nemelex Xobeh
Okawaru
Qazlal
Ru
Sif Muna
Trog
Uskayaw
Wu Jian
Xom
Yredelemnul
Zin
The Shining One

Shops:
D:4 [


Innate Abilities, Weirdness & Mutations

You are a tree.
Your roots penetrate the ground, keeping you stationary.
You cannot be teleported.
You are immune to unholy pain and torment.
Your maximum health is greatly increased.
Your equipment is partially melded.
You are too large for most types of armour.
((You have tough skin. (AC +1)))


Message History

The hornet is severely wounded.
The hornet stings you.
You are poisoned.
You feel yourself slow down. The hornet barely misses you.
Unknown command.
You closely miss the hornet.
The hornet is severely wounded.
You feel very sick. The hornet barely misses you. The hornet stings you.
You feel as though you will be slow longer.
The hornet closely misses you.
Casting: Airstrike (dangerous; 5% risk of failure)
Confirm with . or Enter, or press ? or * to list all spells.
Aiming: Shock (safe; 1% risk of failure)
Press: ? - help, Shift-Dir - straight line, f/p - hornet
Aim: a hornet (severely wounded, 60% to hit)
You feel a surge of power!
The zap hits the hornet.
The hornet is almost dead.
You feel sick. The hornet stings you!
You are more poisoned.
You feel as though you will be slow longer.
The hornet completely misses you.
You barely miss the hornet.
The hornet is almost dead.
You feel very sick. The hornet stings you!
You suddenly lose the ability to move!
The hornet stings you.
You shrug off the repeated paralysis!
The hornet stings you!
* * * LOW HITPOINT WARNING * * *
You are lethally poisoned!
You feel as though you will be slow longer.
* * * LOW HITPOINT WARNING * * *
You feel very sick. The hornet stings you!
* * * LOW HITPOINT WARNING * * *
You shrug off the repeated paralysis!
You can move again.
It was a potion of lignification.
You turn into a tree.
Your +0 robe melds into your body.
Your roots penetrate the ground.
You die...

#############
............#
......†♣....#
#......y.....# .
#............# ..
#............#
..##............#
.....>........#
#............#
#............#
#............#


You could see a hornet.

Vanquished Creatures
  Pikel (D:5)
  2 water moccasins
  An ice beast (D:4)
  A sky beast (D:6)
  A black bear (D:5)
  2 ogres (D:5)
  6 centaurs (D:6)
  A lemure (D:5)
  A kobold brigand (D:7)
  3 bullfrogs
  2 scorpions
  2 hounds
  A jelly (D:6)
  3 iguanas (D:5)
  13 adders
  4 gnolls (D:5)
  2 white imps
  3 ufetubi
  A worm (D:5)
  8 orcs
  4 ball pythons
  5 endoplasms
  2 giant cockroaches
  4 goblins
  3 hobgoblins (D:1)
  4 jackals (D:1)
  9 kobolds
  4 quokkas
  4 bats
  3 frilled lizards
  4 rats (D:1)
104 creatures vanquished.

Notes
Turn   | Place    | Note
-------+----------+-------------------------------------------
     0 | D:1      | Bruhh the Ogre Air Elementalist began the quest for the
                  | Orb.
     0 | D:1      | Reached XP level 1. HP: 16/16 MP: 3/3
   313 | D:1      | Reached XP level 2. HP: 24/24 MP: 0/6
   799 | D:1      | Reached XP level 3. HP: 31/31 MP: 4/8
  1185 | D:1      | Found a faded altar of an unknown god.
  1697 | D:2      | Learned a level 2 spell: Static Discharge
  2021 | D:3      | Reached XP level 4. HP: 39/39 MP: 4/10
  2639 | D:4      | Reached skill level 5 in Spellcasting
  2639 | D:4      | Reached skill level 1 in Conjurations
  2742 | D:4      | Found Yggat's Armour Emporium.
  2794 | D:4      | Noticed a scorpion
  2798 | D:4      | Killed a scorpion
  2799 | D:4      | Reached XP level 5. HP: 45/45 MP: 7/12
  3058 | D:4      | Found a blossoming altar of Fedhas.
  3331 | D:4      | Found an ornate altar of the Wu Jian Council.
  3387 | D:5      | Entered Level 5 of the Dungeon
  3425 | D:5      | Noticed a lemure
  3429 | D:5      | Noticed a lemure
  3429 | D:5      | Noticed Pikel
  3454 | D:5      | Killed a lemure
  3574 | D:5      | Noticed an ogre
  3574 | D:5      | Noticed an ice beast
  3595 | D:4      | Killed an ice beast
  3596 | D:4      | Reached XP level 6. HP: 15/53 MP: 2/13
  4189 | D:5      | Killed Pikel
  4190 | D:5      | Reached skill level 5 in Conjurations
  4190 | D:5      | Reached skill level 5 in Air Magic
  4190 | D:5      | Reached XP level 7. HP: 53/59 MP: 5/14
  4213 | D:5      | Reached XP level 8. HP: 65/67 MP: 3/15
  4508 | D:5      | Reached skill level 6 in Air Magic
  4983 | D:5      | Learned a level 4 spell: Airstrike
  5167 | D:6      | Reached skill level 7 in Air Magic
  5393 | D:6      | Found a staircase to the Ecumenical Temple.
  5410 | Temple   | Entered the Ecumenical Temple
  5526 | Temple   | Became a worshipper of Hepliaklqana the Forgotten
  5677 | D:6      | Found a basalt altar of Yredelemnul.
  6007 | D:6      | Reached XP level 9. HP: 30/74 MP: 11/16
  7222 | D:7      | Reached skill level 8 in Air Magic
  7546 | D:7      | Noticed a hornet
  7554 | D:7      | Paralysed by a hornet for 2 turns
  7555 | D:7      | HP: 3/74 [hornet (10)]
  7556 | D:7      | Succumbed to a hornet's poison

Illustrated notes

Levels and vault maps discovered:
D:1:      amcnicky_arrival_flooded_fountain, layout_loops_ring,
          chequers_ecumenical_altar_grove
D:2:      layout_basic, chequers_serial_rivers_small_3
D:3:      layout_rooms, serial_curves, eino_curves_02, eino_curves_01,
          eino_curves_02, eino_curves_04
D:4:      layout_basic, lemuel_coloured_pillars_altar, lemuel_round_altar,
          serial_shops, nicolae_shop_trees, hangedman_decor_riveting,
          nicolae_underground_beach
D:5:      layout_rooms, minmay_bent, uniq_pikel
D:6:      layout_loops_ring, yredelemnul_altar_generic, temple_fountains,
          centaur_isle
D:7:      layout_basic, serial_shops, kennysheep_mini_moat, uniq_duvessa,
          uniq_joseph
Temple:   mainiacjoe_temple_coin_purse

Skill      XL: |  1  2  3  4  5  6  7  8  9 |
---------------+----------------------------+-----
Spellcasting   | 3 4 5 |  5.0
Conjurations   | 2 4 5 6 7 |  7.6
Air Magic      | 5 7 8 |  8.0
Dodging        | |  1.7
Stealth        | |  1.4

Action                   |  1- 3 |  4- 6 |  7- 9 || total
-------------------------+-------+-------+-------++-------
Melee: Unarmed           |     4 |       |       ||     4
       Staff             |    13 |     9 |    13 ||    35
       Punch             |       |     1 |       ||     1
 Cast: Shock             |    74 |    67 |   103 ||   244
       Static Discharge  |       |     9 |    10 ||    19
       Airstrike         |       |       |    19 ||    19
  Use: Potion            |       |       |    11 ||    11
 Stab: Sleeping          |     1 |       |       ||     1
Armor: Robe              |     7 |     3 |    12 ||    22
Dodge: Dodged            |    15 |    25 |    73 ||   113

Table legend: (Time is in decaauts)
 A = Elapsed time spent in this place.
 B = Non-inter-level travel time spent in this place.
 C = Inter-level travel time spent in this place.
 D = Time resting spent in this place.
 E = Time spent auto-exploring this place.
 F = Levels seen in this place.
 G = Mean time per level.
                   A        B        C        D        E       F      G
               +--------+--------+--------+--------+--------+-----+--------+
         Total |   7547 |   7281 |    266 |    382 |   6081 |   8 |  943.4 |
       Dungeon |   7419 |   7164 |    255 |    382 |   5984 |   7 | 1059.9 |
        Temple |    128 |    117 |     11 |      0 |     97 |   1 |  128.0 |
               +--------+--------+--------+--------+--------+-----+--------+

Top non-repeatable levels by time:
     D:6: 2009 daAuts
     D:1: 1280 daAuts
     D:4: 1229 daAuts
     D:5: 1156 daAuts
     D:3: 702 daAuts
     D:2: 651 daAuts
     D:7: 388 daAuts
  Temple: 128 daAuts
